 Dungeon Crawl Stone Soup version 0.16.2-12-gd0ad4c3 (webtiles) character file.

12217 faibistes the Thaumaturge (level 11, 0/60 HPs)
             Began as a Deep Elf Wizard on Mar 20, 2019.
             Was a High Priest of Sif Muna.
             Slain by a seven-headed hydra (9 damage)
             ... on level 3 of the Lair of Beasts.
             The game lasted 00:42:42 (17291 turns).

faibistes the Thaumaturge (Deep Elf Wizard)        Turns: 17291, Time: 00:42:42

Health: 0/60       AC:  7    Str:  4    XL:     11   Next: 59%
Magic:  21/51      EV: 16    Int: 27    God:    Sif Muna [*****.]
Gold:   803        SH:  0    Dex: 13    Spells: 10 memorised, 2 levels left

rFire  + . .     SeeInvis .     w - staff of power
rCold  + . .     Clarity  .     a - +0 robe
rNeg   + . .     SustAb   .     (no shield)
rPois  .         Gourm    .     b - +1 hat
rElec  .         Spirit   .     J - +1 cloak
rCorr  .         Warding  .     s - +1 pair of gloves
rMut   .         Stasis   .     (no boots)
MR     +++..                    (no amulet)
Stlth  ++........               g - ring "Tryduy" {rF+ rN+ MR++}
                                i - ring of protection from cold

@: repel missiles, extremely resistant to hostile enchantments, unstealthy
A: no striking features
a: Channel Energy, Forget Spell, Renounce Religion


You were on level 3 of the Lair of Beasts.
You worshipped Sif Muna.
Sif Muna was extremely pleased with you.
You were hungry.

You visited 3 branches of the dungeon, and saw 16 of its levels.

You collected 803 gold pieces.

Inventory:

Hand weapons
 e - a +1 dagger of piercing
 y - a +4 dagger of venom
 E - a +2 dagger of protection
 L - a +3 dagger of holy wrath
 N - the +1 longbow "Soekafod" {velocity, SInv}
   (You found it on level 8 of the Dungeon)

   Any arrow fired from it inflicts extra damage.
   It enhances your eyesight.
Armour
 a - a +0 robe (worn)
 b - a +1 hat (worn)
 s - a +1 pair of gloves (worn)
 J - a +1 cloak (worn)
Magical staves
 w - an uncursed staff of power (weapon)
 G - an uncursed staff of wizardry
Jewellery
 g - the ring "Tryduy" (right hand) {rF+ rN+ MR++}
   (You found it on level 6 of the Dungeon)

   [ring of protection from fire]

   It protects you from fire.
   It protects you from negative energy.
   It affects your resistance to hostile enchantments.
 i - a ring of protection from cold (left hand)
 F - an uncursed ring of fire
 H - an uncursed ring of protection from cold
Magical devices
 x - a wand of lightning (7)
 A - a wand of disintegration (11)
 C - a wand of slowing (21)
 D - a wand of enslavement (10)
 K - a wand of digging (10)
 M - a wand of magic darts (20)
Scrolls
 h - 5 scrolls of magic mapping
 t - 4 scrolls of remove curse
 u - 4 scrolls of teleportation
 B - 2 scrolls of identify
 I - 2 scrolls of fear
Potions
 f - 2 potions of ambrosia
 j - a potion of agility
 k - 5 potions of resistance
 l - a potion of cure mutation
 m - a potion of haste
 n - 4 potions of curing
 p - 2 potions of lignification
Books
 c - a Grand Grimoire {highlevel}

   This book is beyond your current level of understanding.

   Spells                             Type                      Level
   a - Aura of Abjuration             Summoning                    6
   b - Summon Greater Demon           Summoning                    7
   c - Malign Gateway                 Summoning/Translocation      7
   d - Summon Horrible Things         Summoning                    8
 r - a book of Flames

   Spells                             Type                      Level
   a - Flame Tongue                   Conjuration/Fire             1
   b - Throw Flame                    Conjuration/Fire             2
   c - Conjure Flame                  Conjuration/Fire             3
   d - Inner Flame                    Hexes/Fire                   3
   e - Sticky Flame                   Conjuration/Fire             4
   f - Fireball                       Conjuration/Fire             5
Comestibles
 d - 11 bread rations
 o - 9 fruits
 q - 2 slices of pizza
 v - a meat ration
 z - a royal jelly
 O - 8 chunks of flesh


   Skills:
 + Level 3.2 Fighting
 + Level 7.8 Dodging
 - Level 2.4 Stealth
 * Level 12.1 Spellcasting
 * Level 7.8 Conjurations
 + Level 5.7 Charms
   Level 1.1 Summonings
 + Level 5.0 Translocations
 * Level 7.8 Fire Magic
 - Level 3.9 Air Magic
 - Level 2.8 Poison Magic
 * Level 6.0 Invocations
 + Level 4.6 Evocations


You had 2 spell levels left.
You knew the following spells:

 Your Spells              Type           Power        Failure   Level  Hunger
a - Magic Dart            Conj           ####         1%          1    None
b - Conjure Flame         Conj/Fire      ######..     1%          3    None
c - Iskenderun's Battles  Conj/Chrm      ######..     8%          5    ###....
d - Blink                 Tloc           N/A          1%          2    None
e - Mephitic Cloud        Conj/Pois/Air  #####...     1%          3    None
f - Repel Missiles        Chrm/Air       #####.       1%          2    None
g - Iskenderun's Mystic   Conj           ######..     1%          4    None
h - Dazzling Spray        Conj/Hex       #####...     2%          3    None
x - Sticky Flame          Conj/Fire      ######..     1%          4    None
z - Fireball              Conj/Fire      ######....   4%          5    ###....


Dungeon Overview and Level Annotations

Branches:
Dungeon (11/15)            Temple (1/1) D:4            Lair (4/8) D:9
    Orc (0/4) D:9
  Swamp: Lair:3-6    Shoals: Lair:3-6     Snake: Lair:3-6    Spider: Lair:3-6

Altars:
Ashenzari
Cheibriados
Dithmenos
Elyvilon
Fedhas
Gozag
Kikubaaqudgha
Makhleb
Nemelex Xobeh
Okawaru
Qazlal
Ru
Sif Muna
Trog
Vehumet
Xom
Yredelemnul
Zin
The Shining One

Shops:
D:7 *

Annotations:
D:6 Eustachio


Message History

Casting: Fireball
Confirm with . or Enter, or press ? or * to list all spells.
You blink.
The seven-headed hydra burns!
Casting: Blink
Confirm with . or Enter, or press ? or * to list all spells.
Aiming: Fireball
Press: ? - help, Shift-Dir - straight line, f/p - seven-headed hydra
Aim: a seven-headed hydra (heavily wounded, covered in liquid flames)
The fireball explodes!
The fireball engulfs the seven-headed hydra.
The seven-headed hydra is heavily wounded.
The seven-headed hydra burns!
The seven-headed hydra bites you.
* * * LOW HITPOINT WARNING * * *
The seven-headed hydra bites you!
* * * LOW HITPOINT WARNING * * *
The seven-headed hydra bites you but does no damage.
The seven-headed hydra closely misses you.
The seven-headed hydra barely misses you.
The seven-headed hydra bites you!
You die...

#.......# #.........#
###.###...# ............
#..## #...# #.#......##...
#..#####...###......###...
###.#.##..#.#.......##P...
#...#.........######....
#..##......P# #....
##.###P...## ##...
##...###@...# ....
#.#...#.D.### ..
###.§#.....# #..†....##
#####...# #.....#
#.#P....# #####.....
.......


You could see a seven-headed hydra (burning).

Vanquished Creatures
  4 spiny frogs
  A queen ant (Lair:2)
  3 komodo dragons
  Prince Ribbit (D:8)
  2 trolls (D:9)
  A two-headed ogre (D:6)
  2 basilisks (Lair:1)
  A spriggan (D:7)
  19 yaks
  A wraith (D:10)
  A hippogriff (Lair:2)
  3 soldier ants (Lair:2)
  2 water moccasins
  3 ice beasts
  2 orc warriors
  5 porcupines
  A necrophage (D:9)
  3 ogres (D:7)
  3 centaurs
  A crocodile (Lair:1)
  A phantom (D:5)
  2 big kobolds
  9 giant frogs
  Blork the orc (D:6)
  A wyvern skeleton (D:8)
  2 scorpions
  3 wights (D:6)
  8 crimson imps
  3 goliath beetles
  5 jellies
  9 hounds
  3 orc priests
  2 giant frog skeletons
  A centaur skeleton (D:8)
  12 worker ants
  14 orc wizards
  8 iguanas
  8 sheep (Lair:1)
  Ijyb (D:2)
  A hound skeleton (D:6)
  5 gnolls
  15 adders
  12 river rats
  A giant mite (D:8)
  3 shadow imps
  3 worms
  6 giant geckos
  2 oozes
  22 orcs
  10 bats
  5 giant cockroaches
  14 hobgoblins
  15 jackals
  23 kobolds
  A giant cockroach zombie (D:6)
  6 giant newts
  6 goblins
  2 orc zombies (D:6)
  5 quokkas
  A quokka skeleton (D:5)
  A quokka zombie (D:8)
  18 rats
329 creatures vanquished.

Vanquished Creatures (collateral kills)
  A giant cockroach (D:2)
  A goblin (D:3)
  2 hobgoblins
  2 bats
6 creatures vanquished.

Vanquished Creatures (others)
  3 fungi
  7 plants
10 creatures vanquished.

Grand Total: 345 creatures vanquished

Notes
Turn   | Place    | Note
--------------------------------------------------------------
     0 | D:1      | faibistes, the Deep Elf Wizard, began the quest for the Orb.
     0 | D:1      | Reached XP level 1. HP: 10/10 MP: 6/6
   380 | D:1      | Reached XP level 2. HP: 15/15 MP: 7/10
   388 | D:1      | Learned a level 2 spell: Blink
   391 | D:1      | Learned a level 2 spell: Call Imp
   811 | D:2      | Reached skill level 5 in Spellcasting
  1239 | D:2      | Reached XP level 3. HP: 16/19 MP: 8/14
  1292 | D:2      | Learned a level 3 spell: Conjure Flame
  1296 | D:2      | Learned a level 3 spell: Mephitic Cloud
  1451 | D:2      | Noticed Ijyb
  1464 | D:2      | Killed Ijyb
  1638 | D:3      | Reached XP level 4. HP: 18/24 MP: 9/17
  1735 | D:2      | Learned a level 2 spell: Repel Missiles
  1842 | D:2      | Found a stormy altar of Qazlal.
  2112 | D:2      | Reached skill level 6 in Spellcasting
  2693 | D:3      | Reached XP level 5. HP: 28/28 MP: 14/20
  2967 | D:3      | Found an ancient bone altar of Kikubaaqudgha.
  3193 | D:3      | Found a blossoming altar of Fedhas.
  3198 | D:3      | Found a bloodstained altar of Trog.
  3706 | D:4      | Found a staircase to the Ecumenical Temple.
  3716 | Temple   | Entered the Ecumenical Temple
  3940 | Temple   | Became a worshipper of Sif Muna the Loreminder
  4168 | D:5      | Entered Level 5 of the Dungeon
  4246 | D:7      | Found Ylij's General Store.
  4251 | D:7      | Reached XP level 6. HP: 32/32 MP: 16/22
  4286 | D:7      | Noticed an ogre
  4289 | D:7      | Noticed an orc warrior
  4298 | D:7      | Killed an ogre
  4298 | D:7      | Reached skill level 7 in Spellcasting
  4319 | D:7      | Noticed an ice beast
  4360 | D:7      | Killed an ice beast
  4447 | D:7      | Reached XP level 7. HP: 36/36 MP: 15/25
  4680 | D:4      | Acquired Sif Muna's first power
  4828 | D:5      | Reached skill level 1 in Fire Magic
  4828 | D:5      | Reached skill level 1 in Air Magic
  5039 | D:5      | Reached skill level 5 in Dodging
  5405 | D:4      | Found a sacrificial altar of Ru.
  5863 | D:4      | Reached skill level 8 in Spellcasting
  5863 | D:4      | Reached skill level 1 in Poison Magic
  5929 | D:5      | Noticed a phantom
  5938 | D:5      | Killed a phantom
  5996 | D:6      | Got a brightly glowing glass ring
  5997 | D:6      | Identified the ring "Tryduy" {rF+ rN+ MR++} (You found it on level 6 of the Dungeon)
  6137 | D:5      | Reached XP level 8. HP: 41/41 MP: 22/27
  6138 | D:5      | Noticed a centaur
  6151 | D:5      | Killed a centaur
  6547 | D:5      | Noticed a centaur
  6554 | D:5      | Killed a centaur
  6554 | D:5      | Acquired Sif Muna's second power
  6723 | D:6      | Reached skill level 5 in Conjurations
  7027 | D:6      | Noticed a two-headed ogre
  7033 | D:6      | Killed a two-headed ogre
  7033 | D:6      | Reached skill level 9 in Spellcasting
  7308 | D:6      | Noticed Eustachio
  7731 | D:6      | Noticed Blork the orc
  7740 | D:6      | Killed Blork the orc
  8150 | D:6      | Reached XP level 9. HP: 45/45 MP: 17/29
  8893 | D:7      | Reached skill level 1 in Invocations
  8893 | D:7      | Reached skill level 1 in Evocations
  9004 | D:7      | Noticed an ogre
  9013 | D:7      | Killed an ogre
  9247 | D:7      | Reached skill level 1 in Fighting
  9545 | D:7      | Killed an orc warrior
  9545 | D:7      | Reached skill level 1 in Charms
  9550 | D:7      | Noticed a spriggan baker
  9559 | D:7      | Killed a spriggan baker
  9679 | D:7      | Found a sparkling altar of Nemelex Xobeh.
  9695 | D:7      | Noticed an ogre
  9706 | D:7      | Killed an ogre
  9820 | D:7      | Reached skill level 10 in Spellcasting
 10312 | D:8      | Learned a level 4 spell: Iskenderun's Mystic Blast
 10318 | D:8      | Learned a level 5 spell: Iskenderun's Battlesphere
 10322 | D:8      | Learned a level 3 spell: Dazzling Spray
 10395 | D:8      | Found a sparkling altar of Nemelex Xobeh.
 10400 | D:8      | Acquired Sif Muna's third power
 10400 | D:8      | Reached skill level 5 in Fire Magic
 10604 | D:8      | You fall through a shaft for 2 floors!
 10604 | D:10     | Entered Level 10 of the Dungeon
 10875 | D:9      | Found a staircase to the Orcish Mines.
 11224 | D:9      | Reached XP level 10. HP: 53/53 MP: 5/31
 11728 | D:8      | Noticed Prince Ribbit
 11733 | D:8      | Killed Prince Ribbit
 11952 | D:8      | Got a smoking longbow
 11953 | D:8      | Identified the cursed +1 longbow "Soekafod" {velocity, SInv} (You found it on level 8 of the Dungeon)
 12846 | D:9      | Found a glowing silver altar of Zin.
 12946 | D:9      | Found a staircase to the Lair.
 12947 | D:9      | Noticed a komodo dragon
 12976 | D:9      | Killed a komodo dragon
 13229 | Lair:1   | Entered Level 1 of the Lair of Beasts
 13364 | D:9      | Reached skill level 11 in Spellcasting
 13544 | Lair:1   | Reached skill level 5 in Invocations
 14271 | Lair:2   | Learned a level 4 spell: Fulminant Prism
 14569 | Lair:1   | Reached XP level 11. HP: 59/59 MP: 22/33
 15321 | Lair:1   | Learned a level 5 spell: Fireball
 15331 | Lair:1   | Learned a level 4 spell: Sticky Flame
 15593 | Lair:1   | Reached skill level 5 in Charms
 16621 | Lair:2   | Reached skill level 12 in Spellcasting
 17009 | Lair:2   | Reached skill level 5 in Translocations
 17278 | Lair:3   | Noticed a seven-headed hydra
 17291 | Lair:3   | Slain by a seven-headed hydra

Action                   |  1- 3 |  4- 6 |  7- 9 | 10-12 || total
-------------------------+-------+-------+-------+-------++-------
Melee: Club              |     1 |       |       |       ||     1
       Dagger            |     2 |     4 |    73 |   108 ||   187
       Staff             |       |       |       |     4 ||     4
 Cast: Magic Dart        |    80 |   133 |   424 |    51 ||   688
       Call Imp          |     3 |     2 |       |       ||     5
       Conjure Flame     |     1 |     7 |    30 |    27 ||    65
       Mephitic Cloud    |     1 |     1 |    30 |     4 ||    36
       Repel Missiles    |       |     1 |       |       ||     1
       Blink             |       |     3 |    14 |     9 ||    26
       Iskenderun's Myst |       |       |    19 |    30 ||    49
       Iskenderun's Batt |       |       |     3 |     6 ||     9
       Dazzling Spray    |       |       |     2 |    40 ||    42
       Sticky Flame      |       |       |       |    34 ||    34
       Fireball          |       |       |       |    17 ||    17
Invok: Channel Energy    |       |       |    11 |    13 ||    24
       Forget Spell      |       |       |       |     2 ||     2
Evoke: Wand              |       |     5 |       |       ||     5
  Use: Scroll            |     6 |     6 |    11 |    11 ||    34
       Potion            |       |     1 |       |     3 ||     4
 Stab: Sleeping          |     1 |       |     1 |       ||     2
       Confused          |     1 |       |     4 |     1 ||     6
       Invisible         |       |       |       |     3 ||     3
  Eat: Chunk             |     1 |     8 |    22 |    21 ||    52
       Beef jerky        |       |     1 |       |       ||     1
       Fruit             |       |       |       |     2 ||     2
